[Event "Top 12 Féminin 2026"]
[Site "Asnières-sur-Seine, France"]
[Date "2026.05.17"]
[Round "5.5"]
[White "Savina, Anastasia"]
[Black "Batsiashvili, Nino"]
[Result "1/2-1/2"]
[TimeControl "1h30 / 40 moves + 30m + 30sec/move"]
[WhiteTitle "IM"]
[BlackTitle "GM"]
[WhiteFideId "-"]
[BlackFideId "-"]
[WhiteElo "2344"]
[BlackElo "2475"]

1. d4 d5 2. c4 e6 3. Nf3 Nf6 4. g3 Be7 5. Bg2 O-O 6. O-O a5 7. Qc2 Nbd7 8. Rd1 dxc4 9. Na3 Bxa3 10.
bxa3 b5 11. Rb1 Ba6 12. Ne5 Nd5 13. Nc6 Qe8 14. e4 Ne7 15. Nxa5 Nb6 16. Bd2 Qd7 17. Bb4 Rfe8 18. d5 exd5 19.
exd5 Nexd5 20. Bc5 Rac8 21. Bxb6 cxb6 22. Rxd5 Qc7 23. Nb3 cxb3 24. Qxc7 Rxc7 25. axb3 Kf8 26. Bf1 Rc5 27. Rd6 Re6 28.
Rd8+ Re8 29. Rxe8+ Kxe8 30. a4 Ke7 31. Rd1 g5 32. b4 1/2-1/2

[Event "Top 12 Féminin 2026"]
[Site "Asnières-sur-Seine, France"]
[Date "2026.05.17"]
[Round "5.6"]
[White "Guichard, Pauline"]
[Black "Zatonskih, Anna"]
[Result "1/2-1/2"]
[TimeControl "1h30 / 40 moves + 30m + 30sec/move"]
[WhiteTitle "IM"]
[BlackTitle "IM"]
[WhiteFideId "-"]
[BlackFideId "-"]
[WhiteElo "2333"]
[BlackElo "2317"]

1. d4 d5 2. c4 e6 3. Nc3 Be7 4. Nf3 Nf6 5. Bg5 O-O 6. e3 Nbd7 7. Rc1 h6 8. Bh4 c5 9. cxd5 Nxd5 10.
Bxe7 Nxe7 11. Bb5 cxd4 12. Qxd4 Nb6 13. O-O Qxd4 14. Nxd4 Rd8 15. Be2 Bd7 16. Bf3 Rab8 17. Rc2 Kf8 18.
Rfc1 a6 19. Kf1 e5 20. Nb3 Bc6 21. Na5 Bxf3 22. gxf3 Nbd5 23. a3 Nxc3 24. Rxc3 b6 25. Nc4 f6 26. Ke2 Kf7 27. Nd2 Rbc8 28. Rc7 Ke6 29. h4 g6 30.
R1c4 Rxc7 31. Rxc7 Rd7 32. Rc4 Rd6 33. f4 b5 34. Re4 Rd5 35. fxe5 f5 36. Rd4 Kxe5 37. f4+ Kd6 38. Nf3 Nc6 39.
Rxd5+ Kxd5 40. Kd3 Na5 41. Nd4 Nc4 42. b3 Nd6 43. Ne2 Ne4 44. Kc2 h5 45. Nc1 Nf2 46. Nd3 Nxd3 47. Kxd3 a5 48.
a4 bxa4 49. bxa4 Kc5 50. Kc3 Kd5 1/2-1/2

[Event "Top 12 Féminin 2026"]
[Site "Asnières-sur-Seine, France"]
[Date "2026.05.17"]
[Round "5.7"]
[White "Stoll, Lucia"]
[Black "Iglesias, Yosha"]
[Result "1/2-1/2"]
[TimeControl "1h30 / 40 moves + 30m + 30sec/move"]
[WhiteTitle "-"]
[BlackTitle "FM"]
[WhiteFideId "-"]
[BlackFideId "-"]
[WhiteElo "2103"]
[BlackElo "2325"]

1. e4 c6 2. d4 d5 3. e5 c5 4.
dxc5 e6 5. a3 Bxc5 6. Nf3 f6 7. b4 Be7 8. Bb2 a5 9. b5 Nd7 10. c4 Nxe5 11. Nxe5 fxe5 12. Bxe5 Nf6 13. Be2 O-O 14.
O-O Nd7 15. Bg3 Nc5 16. Nc3 d4 17. Na4 d3 18. Bf3 Rxf3 19. gxf3 b6 20. Nxc5 Bxc5 21. Ra2 e5 22. Rd2 Bf5 23.
Re1 Bd4 24. Bxe5 Qg5+ 25. Kh1 Bh3 26. Bg3 Bc3 27. Rxd3 Bxe1 28. Qxe1 h5 29. Qe3 Qg6 30. Qe4 Re8 31. Qd5+ Kh7 32.
Rd1 h4 33. c5 bxc5 34. Qxc5 hxg3 35. hxg3 Bc8 36. Kg2 Bb7 37. Rh1+ Kg8 38. Qc4+ Qe6 39. Qf4 Qe7 40. Qf5 Rf8 41.
Qh7+ Kf7 42. Qh5+ Kg8 43. Qh7+ Kf7 44. Qh5+ Kg8 1/2-1/2

[Event "Top 12 Féminin 2026"]
[Site "Asnières-sur-Seine, France"]
[Date "2026.05.17"]
[Round "5.8"]
[White "Belluire, Beatrice"]
[Black "Thomas, Anysia"]
[Result "1-0"]
[TimeControl "1h30 / 40 moves + 30m + 30sec/move"]
[WhiteTitle "WFM"]
[BlackTitle "WFM"]
[WhiteFideId "-"]
[BlackFideId "-"]
[WhiteElo "2123"]
[BlackElo "2120"]

1. e4 c5 2. Nf3 Nc6 3. Bb5 g6 4.
Bxc6 dxc6 5. d3 Bg7 6. h3 Nf6 7. Nc3 Nd7 8. Be3 e5 9. Qd2 h6 10. O-O b6 11. Nh2 Nf8 12. f4 exf4 13.
Bxf4 Ne6 14. Be3 c4 15. Qf2 O-O 16. dxc4 Ba6 17. Qe2 Nd4 18. Qd3 Bxc4 19. Qxc4 Nxc2 20. Bf4 Nxa1 21. Rxa1 Qd4+ 22. Qxd4 Bxd4+ 23. Kf1 g5 24. Bd6 Rfe8 25. Re1 Rad8 26. e5 f5 27. g4 f4 28. Nf3 Bxc3 29. bxc3 c5 30. a4 Kf7 31. a5 Kg6 32.
axb6 axb6 33. Rb1 Re6 34. Rxb6 Ra8 35. Ke2 Ra2+ 36. Kd3 Kf7 37. Ke4 Ra3 38. Kf5 Re8 39. e6+ Kg8 40. Be5 Ra7 41.
Kg6 Rae7 42. Kxh6 Rh7+ 43. Kg6 Rxh3 44. Nxg5 Re3 45. Rb7 1-0

[Event "Top 12 Féminin 2026"]
[Site "Asnières-sur-Seine, France"]
[Date "2026.05.17"]
[Round "5.9"]
[White "Osmak, Yuliaa"]
[Black "Cosma, Elena-Luminita"]
[Result "1-0"]
[TimeControl "1h30 / 40 moves + 30m + 30sec/move"]
[WhiteTitle "IM"]
[BlackTitle "WGM"]
[WhiteFideId "14101602"]
[BlackFideId "-"]
[WhiteElo "2451"]
[BlackElo "2241"]

1. d4 d5 2. c4 e6 3. Nc3 Nf6 4. cxd5 exd5 5. Bg5 Be7 6.
e3 Nbd7 7. Bd3 Nf8 8. Nf3 c6 9. Ne5 N6d7 10. Bxe7 Qxe7 11. f4 Nxe5 12. fxe5 f6 13. O-O fxe5 14. e4 exd4 15. exd5 dxc3 16.
Re1 Be6 17. dxe6 O-O-O 18. Qc2 Qc5+ 19. Kh1 Ng6 20. bxc3 Ne7 21. Rab1 Rhf8 22. Rb2 Rf6 23. Ba6 bxa6 24. Qe2 Kc7 25.
Qxa6 Rxe6 26. Rb7+ Kd6 27. Qd3+ Qd5 28. Qg3+ Kc5 29. Qf2+ Kd6 30. Qf4+ Qe5 31. Rxe5 Rxe5 32. Rxe7 1-0

[Event "Top 12 Féminin 2026"]
[Site "Asnières-sur-Seine, France"]
[Date "2026.05.17"]
[Round "5.10"]
[White "Monpeurt, Cyrielle"]
[Black "Schippke, Manon"]
[Result "0-1"]
[TimeControl "1h30 / 40 moves + 30m + 30sec/move"]
[WhiteTitle "WFM"]
[BlackTitle "WIM"]
[WhiteFideId "-"]
[BlackFideId "-"]
[WhiteElo "2199"]
[BlackElo "2311"]

1. e4 e6 2. d4 d5 3. Nc3 Nf6 4. Bg5 dxe4 5. Nxe4 Be7 6. Nxf6+ Bxf6 7. Bxf6 Qxf6 8. Nf3 O-O 9. Qd3 c5 10.
O-O-O Rd8 11. Qe4 Nc6 12. Bd3 Qh6+ 13. Kb1 cxd4 14. Rhe1 Bd7 15. g4 Be8 16. a3 Rd6 17. g5 Qh5 18.
Be2 Qh3 19. Nh4 Rd5 20. Bf1 Qxh2 21. Bd3 g6 22. Nf3 Qd6 23. Rh1 Ne5 24. Rh6 Bc6 25. Rdh1 Nxf3 26. Qxf3 Rxg5 27. Be4 Rf5 28.
Qd3 Bxe4 29. Qxe4 Qd5 30. Qd3 Kf8 31. Rxh7 Ke7 32. Qg3 Rc8 33. Re1 g5 34. Rh3 Qc4 35. Rc1 d3 36. Qxd3 Qxd3 37.
Rxd3 Rxf2 38. Rg3 Kf6 39. c4 Kf5 40. c5 g4 41. Rc4 Rf4 42. Rcc3 e5 43. b4 e4 44. Rg1 Rf3 45. Rc4 Rxa3 46.
Re1 Re8 47. Kb2 Rf3 48. b5 g3 49. c6 bxc6 50. bxc6 g2 51. Rcc1 e3 52. c7 Rc8 53. Rc5+ Kf4 54. Rec1 Rf1 55.
R1c4+ Kf3 56. Rf5+ Ke2 57. Rc2 Kd3 58. Rd5+ Ke4 59. Rd8 Rxc7 0-1

[Event "Top 12 Féminin 2026"]
[Site "Asnières-sur-Seine, France"]
[Date "2026.05.17"]
[Round "5.11"]
[White "Daulyte-Cornette, Deimante"]
[Black "Sterpu, Constanta-Andreea"]
[Result "1-0"]
[TimeControl "1h30 / 40 moves + 30m + 30sec/move"]
[WhiteTitle "IM"]
[BlackTitle "-"]
[WhiteFideId "-"]
[BlackFideId "-"]
[WhiteElo "2389"]
[BlackElo "1984"]

1. d4 d5 2. Nf3 e6 3. Bf4 Nf6 4. e3 Be7 5. Bd3 Nh5 6. Be5 Nd7 7. Nbd2 c5 8. dxc5 Nxc5 9. Be2 Nf6 10.
O-O O-O 11. c4 dxc4 12. Nxc4 Qxd1 13. Rfxd1 Nfe4 14. Rac1 f6 15. Bd6 Nxd6 16. Nxd6 Na4 17. b3 Nb6 18. a4 a5 19. Bb5 e5 20.
Rc7 Bd8 21. Rxc8 Rxc8 22. Nxc8 Nxc8 23. Rd7 b6 24. Ba6 Ne7 25. Nd2 Nc6 26. Bc4+ Kh8 27. Bb5 Nb4 28. Nc4 h5 29. Nd6 Kg8 30.
Nb7 Be7 31. Rxe7 Rc8 32. Re8+ Rxe8 33. Bxe8 h4 34. Nd6 Nd3 35. Bb5 Nc5 36. Nc8 Kf8 37. Bc4 Nd7 38. Kf1 Ke8 39. Bb5 Kd8 40.
Bxd7 1-0

[Event "Top 12 Féminin 2026"]
[Site "Asnières-sur-Seine, France"]
[Date "2026.05.17"]
[Round "5.12"]
[White "Milojevic-Daim, Lola-Shaina"]
[Black "Tomasi, Elise"]
[Result "0-1"]
[TimeControl "1h30 / 40 moves + 30m + 30sec/move"]
[WhiteTitle "-"]
[BlackTitle "WFM"]
[WhiteFideId "-"]
[BlackFideId "-"]
[WhiteElo "1950"]
[BlackElo "2072"]

1. e4 e5 2. Nf3 Nc6 3. d4 exd4 4. Bc4 Nf6 5. e5 d5 6. Bb5 Nd7 7. Bxc6 bxc6 8. Nxd4 Nb8 9. O-O c5 10.
Nb3 a5 11. a4 Be7 12. Qf3 O-O 13. Be3 c4 14. Nc5 f6 15. Rd1 c6 16. e6 Re8 17. Na3 Qc7 18. Bf4 Qa7 19. Bxb8 Qxc5 20.
Bf4 Bxe6 21. Be3 Qb4 22. c3 Qxb2 23. Bd4 Bxa3 24. Rdb1 Qc2 0-1

[Event "Top 12 Féminin 2026"]
[Site "Asnières-sur-Seine, France"]
[Date "2026.05.17"]
[Round "5.13"]
[White "Vega Gutierrez, Sabrina"]
[Black "Gaal, Zsoka"]
[Result "1-0"]
[TimeControl "1h30 / 40 moves + 30m + 30sec/move"]
[WhiteTitle "IM"]
[BlackTitle "IM"]
[WhiteFideId "-"]
[BlackFideId "-"]
[WhiteElo "2375"]
[BlackElo "2374"]

1. e4 Nf6 2. e5 Nd5 3. c4 Nb6 4. d4 d6 5. exd6 cxd6 6. Nc3 g6 7. h3 Bg7 8. Nf3 O-O 9. Be2 Nc6 10.
O-O h6 11. a4 e5 12. Be3 f5 13. dxe5 dxe5 14. a5 Nd7 15. Qd6 Kh7 16. Rfd1 e4 17. Nd4 Nde5 18. Nxc6 Qxd6 19. Rxd6 Nxc6 20.
f4 Rf7 21. c5 Bf8 22. Bc4 Bxd6 23. Bxf7 Bc7 24. a6 Rb8 25. Bd5 Nb4 26. axb7 Bxb7 27. Rxa7 Nxd5 28. Nxd5 Bxd5 29. Rxc7+ Kg8 30.
Bd4 Rb7 31. Rc8+ Kf7 32. Rd8 Be6 33. c6 Rb4 34. Rd6 Rc4 35. Kf2 Ke7 36. Be5 Rc2+ 37. Ke3 Rxg2 38. c7 Rc2 39. Rd8 Rc4 40.
b3 Rc1 41. Kd2 Rc6 42. b4 g5 43. b5 e3+ 44. Kxe3 Rc1 45. b6 Rb1 46. Rb8 1-0

[Event "Top 12 Féminin 2026"]
[Site "Asnières-sur-Seine, France"]
[Date "2026.05.17"]
[Round "5.14"]
[White "Auvray, Honorine"]
[Black "Haussernot, Cecile"]
[Result "0-1"]
[TimeControl "1h30 / 40 moves + 30m + 30sec/move"]
[WhiteTitle "WFM"]
[BlackTitle "WIM"]
[WhiteFideId "-"]
[BlackFideId "-"]
[WhiteElo "2025"]
[BlackElo "2243"]

1. c4 e5 2. Nc3 Nf6 3. Nf3 e4 4. Ng5 b5 5. cxb5 d5 6. d4 a6 7. e3 axb5 8. Bxb5+ c6 9. Be2 Bd6 10.
a3 O-O 11. Qc2 h6 12. Nh3 Bxh3 13. gxh3 Qd7 14. Bf1 Nh7 15. Bd2 Ng5 16. O-O-O Qa7 17. Nb1 Nd7 18. Bc3 Nb6 19. h4 Nf3 20.
Be2 Nxh4 21. b4 f5 22. Rdg1 Qc7 23. h3 g5 24. f4 exf3 25. Be1 Bh2 26. Bxh4 Bxg1 27. Rxg1 Qh2 28. Re1 fxe2 29.
Rxe2 Qxh3 30. Be1 Nc4 31. Qd3 Rfe8 32. Bd2 Re4 0-1

[Event "Top 12 Féminin 2026"]
[Site "Asnières-sur-Seine, France"]
[Date "2026.05.17"]
[Round "5.15"]
[White "Richard, Emma"]
[Black "Grimault, Leane"]
[Result "1-0"]
[TimeControl "1h30 / 40 moves + 30m + 30sec/move"]
[WhiteTitle "WFM"]
[BlackTitle "-"]
[WhiteFideId "-"]
[BlackFideId "-"]
[WhiteElo "2106"]
[BlackElo "1932"]

1. e4 d5 2. exd5 Qxd5 3. Nc3 Qa5 4. d4 Nf6 5. Nf3 Bf5 6. Bd2 c6 7. Bc4 Nbd7 8. Qe2 Qc7 9. Ne5 e6 10.
Nxd7 Kxd7 11. O-O-O Rd8 12. f3 h5 13. Bg5 Kc8 14. Kb1 Be7 15. h4 Nd5 16. Bxd5 Bxg5 17. Bxe6+ Bxe6 18. hxg5 Qf4 19.
Qe5 Qxe5 20. dxe5 Rxd1+ 21. Nxd1 Rd8 22. Kc1 Rd5 23. Re1 g6 24. Nc3 Rd8 25. Rd1 Re8 26. Ne4 Kc7 27. Nd6 Re7 28.
c4 Bd7 29. Re1 Be6 30. Kd2 Rd7 31. Kc3 Re7 32. a4 Rd7 33. a5 Re7 34. b4 Rd7 35. Rd1 Re7 36. Kd4 Rd7 37. b5 Re7 38.
bxc6 Kxc6 39. Rb1 Rd7 40. Rb5 b6 41. Rb1 Bf5 42. Ra1 Be6 43. axb6 Kxb6 44. c5+ Kc6 45. Ra6+ Kc7 46. Rxa7+ Kd8 47.
Ra8+ 1-0

[Event "Top 12 Féminin 2026"]
[Site "Asnières-sur-Seine, France"]
[Date "2026.05.17"]
[Round "5.16"]
[White "Aubert, Estee"]
[Black "Ciarletta, Iris"]
[Result "1/2-1/2"]
[TimeControl "1h30 / 40 moves + 30m + 30sec/move"]
[WhiteTitle "-"]
[BlackTitle "-"]
[WhiteFideId "-"]
[BlackFideId "-"]
[WhiteElo "1974"]
[BlackElo "1901"]

1. d4 Nf6 2. Nc3 d5 3. Bf4 c5 4. e3 cxd4 5. exd4 a6 6. Nf3 Bg4 7. h3 Bh5 8. g4 Bg6 9. Ne5 Ne4 10.
Nxe4 Bxe4 11. f3 Bg6 12. h4 f6 13. Nxg6 hxg6 14. Bd3 g5 15. Bg6+ Kd7 16. Bg3 gxh4 17. Qe2 e6 18. O-O-O Rh6 19.
Bxb8 Rxb8 20. Rde1 Qe7 21. Bd3 Qd6 22. Qe3 g5 23. Re2 Re8 24. Bf5 Re7 25. Bd3 Rh8 26. Kb1 Bg7 27. Rhe1 Rc8 28.
Bf5 1/2-1/2